 Dungeon Crawl Stone Soup version 0.31.0-9-g3a7656b989 (webtiles) character file.

Game seed: 12808388214325728234

339 qw the Ducker (level 6, -11/30 HPs)
             Began as a Spriggan Hunter on Feb 2, 2024.
             Mangled by Duvessa
             ... wielding a +2 short sword of electrocution
              (17 damage)
             ... on level 4 of the Dungeon.
             The game lasted 00:00:46 (2412 turns).

qw the Ducker (Spriggan Hunter)                     Turns: 2412, Time: 00:00:47

Health: -11/30     AC:  2    Str:  7    XL:     6   Next: 29%
Magic:  7/7        EV: 27    Int: 11    God:
Gold:   218        SH:  0    Dex: 20    Spells: 5/5 levels left

rFire   . . .        a - +0 shortbow
rCold   . . .        (shield currently unavailable)
rNeg    . . .        j - +0 robe {Will+}
rPois   .            (helmet restricted)
rElec   .            (no cloak)
rCorr   .            (gloves unavailable)
SInv    +            (boots unavailable)
Will    ++...        g - amulet of regeneration
Stlth   ++           l - +5 ring of evasion
HPRegen 1.05/turn    (no ring)
MPRegen 0.10/turn

%: no passive effects
@: very quick
A: very small, no large weapons, unfitting armour, see invisible, speed 3
a: no special abilities


You were on level 4 of the Dungeon.
You visited 1 branch of the dungeon, and saw 4 of its levels.

You collected 218 gold pieces.


Innate Abilities, Weirdness & Mutations

You are very small and have problems with some larger weapons.
You are too small for most types of armour.
You have supernaturally acute eyesight. (SInv)
You cover ground extremely quickly. (Speed+++)


   Skills:
 - Level 2.0 Fighting
 + Level 5.6 Ranged Weapons
 - Level 6.9 Dodging
 - Level 1.5 Stealth


You had 5 spell levels left.
You didn't know any spells.
Your spell library was empty.

Inventory:

Hand Weapons
 a - a +0 shortbow (weapon)
Armour
 j - a +0 robe of willpower (worn)
Jewellery
 g - an amulet of regeneration (around neck)
 l - a +5 ring of evasion (left hand)
Scrolls
 h - 5 scrolls of teleportation
Potions
 b - 2 potions of curing
 e - a potion of might
 f - 3 potions of heal wounds

Dungeon Overview and Level Annotations

Branches:
Dungeon (4/15)
 Temple: D:4-7

Altars:
Trog

Annotations:
D:3 exclusion: moth of wrath
D:4 Dowan, Duvessa


Message History

You shoot an arrow.
The arrow hits Duvessa but does no damage.
Duvessa is moderately wounded.
Duvessa hits you with a +2 short sword of electrocution.
You are electrocuted!
Ouch! That really hurt!
You shoot an arrow.
The arrow hits Duvessa but does no damage.
Duvessa is moderately wounded.
Duvessa barely misses you.
You shoot an arrow. The arrow barely misses Duvessa.
The arrow hits the ribbon worm!
The ribbon worm is severely wounded.
Duvessa completely misses you.
You shoot an arrow. The arrow hits Duvessa.
Duvessa is moderately wounded.
Duvessa misses you.
You shoot an arrow.
The arrow hits Duvessa but does no damage.
Duvessa is moderately wounded.
Duvessa closely misses you. Duvessa completely misses you.
You shoot an arrow.
The arrow hits Duvessa but does no damage.
Duvessa is moderately wounded.
Duvessa hits you with a +2 short sword of electrocution.
You shoot an arrow. The arrow hits Duvessa.
Duvessa is moderately wounded.
Duvessa says, "Where magic fails, the sword succeeds!"
Duvessa completely misses you.
You shoot an arrow. The arrow hits Duvessa.
Duvessa is moderately wounded.
Duvessa barely misses you.
You shoot an arrow. The arrow closely misses Duvessa.
The arrow hits the ribbon worm!
The ribbon worm is almost dead.
Duvessa says, "When magic and the sword combine, nothing stands against them."
Duvessa hits you with a +2 short sword of electrocution!
You are electrocuted!
Ouch! That really hurt!
You die...

## . ###. .. . #... ..#
.#######...## #.#
............#
..####.....##.##@# #
..$...:..PPPPP##e###..#
#........P$$$P##wo...#
#........P$$$P..)##o....
#......S..$$$.##%.##.###
[..........PPP.<$...o...
#.######<.##.S..........
.....#...$##.w..........
.....#>##.e.............


You could see Duvessa, a ribbon worm and an orc.

Vanquished Creatures
  Sigmund (D:3)
  Jessica (D:3)
  An orc wizard (D:4)
  4 gnolls (D:3)
  5 adders
  A dart slug (D:1)
  An orc (D:4)
  2 endoplasms
  5 giant cockroaches
  5 goblins
  5 hobgoblins
  A quokka (D:1)
  4 ball pythons
  3 bats
  8 frilled lizards
  3 kobolds
  3 rats
53 creatures vanquished.

Notes
Turn   | Place    | Note
-------+----------+-------------------------------------------
     0 | D:1      | qw the Spriggan Hunter began the quest for the Orb.
     0 | D:1      | Reached XP level 1. HP: 10/10 MP: 2/2
     0 | D:1      | 0 ||| qw: Version: 0.3-a-155-g5e7d8dd
     0 | D:1      | 0 ||| qw: Game counter: 2812
     0 | D:1      | 0 ||| qw: Melee chars always use a shield: true
     0 | D:1      | 0 ||| qw: God list: Okawaru
     0 | D:1      | 0 ||| qw: Allow faded altars: false
     0 | D:1      | 0 ||| qw: Do Orc after clearing Dungeon:15 true
     0 | D:1      | 0 ||| qw: Do second Lair branch before Depths: true
     0 | D:1      | 0 ||| qw: Lair rune preference: random
     0 | D:1      | 0 ||| qw: Goals: Normal
     0 | D:1      | 0 ||| PLANNING D:1-11
    54 | D:1      | Reached skill level 3 in Dodging
   169 | D:1      | 169 ||| RETREEEEATING.
   171 | D:1      | 171 ||| RETREEEEATING.
   173 | D:1      | 173 ||| RETREEEEATING.
   181 | D:1      | Reached XP level 2. HP: 14/14 MP: 3/3
   204 | D:1      | Reached skill level 4 in Dodging
   755 | D:1      | 755 ||| READING 4 scrolls labelled PEPREU SAENKUE.
   755 | D:1      | 755 ||| IDENTIFYING grey potion
   756 | D:1      | 756 ||| READING 3 scrolls of identify.
   756 | D:1      | 756 ||| IDENTIFYING glowing puce potion
   757 | D:1      | 757 ||| READING 2 scrolls of identify.
   757 | D:1      | 757 ||| IDENTIFYING 2 black potions
   758 | D:1      | 758 ||| READING scroll of identify.
   758 | D:1      | 758 ||| IDENTIFYING scroll labelled UWYURU QEUMIBBAO
   759 | D:1      | 759 ||| DROPPING scroll of butterflies.
   760 | D:1      | 760 ||| DROPPING potion of lignification.
   868 | D:2      | Reached XP level 3. HP: 18/18 MP: 4/4
   991 | D:2      | You fall into a shaft and drop 2 floors!
  1007 | D:4      | Noticed Duvessa
  1008 | D:4      | 1008 ||| FLEEEEING.
  1009 | D:4      | 1009 ||| FLEEEEING.
  1010 | D:4      | 1010 ||| FLEEEEING.
  1011 | D:4      | 1011 ||| FLEEEEING.
  1012 | D:4      | 1012 ||| FLEEEEING.
  1013 | D:4      | 1013 ||| FLEEEEING.
  1014 | D:4      | 1014 ||| FLEEEEING.
  1015 | D:4      | 1015 ||| STAIRDANCE
  1016 | D:3      | Noticed Jessica
  1023 | D:3      | Killed Jessica
  1024 | D:3      | Reached XP level 4. HP: 22/22 MP: 5/5
  1026 | D:3      | 1026 ||| READING scroll of identify.
  1026 | D:3      | 1026 ||| IDENTIFYING golden potion
  1027 | D:3      | 1027 ||| READING scroll labelled RASEDUILET.
  1130 | D:3      | 1130 ||| FLEEEEING.
  1131 | D:3      | 1131 ||| FLEEEEING.
  1261 | D:2      | Found a faded altar of an unknown god.
  1554 | D:2      | 1554 ||| UPGRADING to amulet of regeneration.
  1634 | D:3      | Noticed Sigmund
  1643 | D:3      | Killed Sigmund
  1644 | D:3      | Reached skill level 6 in Dodging
  1644 | D:3      | Reached XP level 5. HP: 21/25 MP: 6/6
  1910 | D:3      | Reached XP level 6. HP: 24/30 MP: 7/7
  1915 | D:3      | 1915 ||| FLEEEEING.
  1916 | D:3      | 1916 ||| FLEEEEING.
  1917 | D:3      | 1917 ||| FLEEEEING.
  2205 | D:3      | Noticed a moth of wrath
  2208 | D:3      | Found a bloodstained altar of Trog.
  2294 | D:3      | 2294 ||| UPGRADING to +0 robe of willpower.
  2304 | D:3      | 2304 ||| DROPPING +0 robe.
  2305 | D:3      | 2305 ||| UPGRADING to +5 ring of evasion.
  2306 | D:3      | 2306 ||| READING 2 scrolls of identify.
  2306 | D:3      | 2306 ||| IDENTIFYING lumpy puce potion
  2307 | D:3      | 2307 ||| READING scroll of identify.
  2307 | D:3      | 2307 ||| IDENTIFYING red potion
  2308 | D:3      | 2308 ||| READING scroll labelled VAOTUO RUOMOTH.
  2309 | D:3      | 2309 ||| DROPPING potion of invisibility.
  2310 | D:3      | 2310 ||| DROPPING potion of degeneration.
  2355 | D:4      | 2355 ||| RETREEEEATING.
  2357 | D:4      | 2357 ||| RETREEEEATING.
  2358 | D:4      | 2358 ||| RETREEEEATING.
  2359 | D:4      | 2359 ||| RETREEEEATING.
  2360 | D:4      | 2360 ||| RETREEEEATING.
  2360 | D:4      | Noticed Dowan
  2361 | D:4      | 2361 ||| RETREEEEATING.
  2362 | D:4      | 2362 ||| RETREEEEATING.
  2363 | D:4      | 2363 ||| RETREEEEATING.
  2364 | D:4      | 2364 ||| STAIRDANCE
  2382 | D:4      | 2382 ||| RETREEEEATING.
  2384 | D:4      | 2384 ||| RETREEEEATING.
  2390 | D:4      | 2390 ||| RETREEEEATING.
  2393 | D:4      | 2393 ||| RETREEEEATING.
  2394 | D:4      | 2394 ||| RETREEEEATING.
  2412 | D:4      | HP: 6/30 [Duvessa/+2 short sword of electrocution (11)]
  2412 | D:4      | Mangled by Duvessa

Levels and vault maps discovered:
D:1:      heliophobic_arrival_dark_side_of_the_moon, layout_basic,
          chequers_decorated_corner, hangedman_feature_mirror,
          minmay_lizard_pond
D:2:      layout_basic, shapermc_ecumenical_altar_mp_ritualfount, minivault_5
D:3:      layout_loops_ring, tgw_trog, nicolae_titane, uniq_sigmund,
          uniq_jessica
D:4:      layout_rooms, mainiacjoe_overflow_brackets, serial_shops,
          nicolae_square_shop, minmay_gold_behind_fungi, uniq_duvessa,
          uniq_natasha

Skill      XL: |  1  2  3  4  5 |
---------------+----------------+-----
Dodging        | 3 4 6 |  6.9
Ranged Weapons | 5 |  5.6
Fighting       | 2 |  2.0
Stealth        | |  1.5

Action                     |  1- 3 |  4- 6 || total
---------------------------+-------+-------++-------
   Fire: Shortbow          |    85 |   104 ||   189
    Use: Scroll            |     4 |     5 ||     9
 Armour: Robe              |     8 |    21 ||    29
  Dodge: Dodged            |    25 |    72 ||    97

Table legend:
 A = Non-vault XP
 B = Vault XP
 C = Vault XP percentage of total XP
 D = Non-vault monster count
 E = Vault monster count
 F = Vault count percentage of total count
                 A         B        C        D         E       F
            +---------+---------+-------+---------+---------+-------
      Total |     218 |     267 |  55.1 |      44 |       9 |  17.0
            +---------+---------+-------+---------+---------+-------
        D:1 |      24 |       7 |  22.6 |      13 |       7 |  35.0
        D:2 |      36 |       0 |   0.0 |      15 |       0 |   0.0
        D:3 |      93 |     260 |  73.7 |      11 |       2 |  15.4
        D:4 |      65 |       0 |   0.0 |       5 |       0 |   0.0
            +---------+---------+-------+---------+---------+-------
